[ AOE2 MATCH · #472976109 ]
UnrankedBurgundians vs Berbers
[ REPLAY ANALYSIS · EXTRACTED FROM THE RECORDED GAME ]
Feudal
12:02
Castle
16:01
Imperial
31:34
| APM avg | 53.0 |
| APM peak | 96 |
| eAPM avg | 26.9 |
| Villagers / military | 139 / 193 |
Focus
⚔️ 42.8% · 🌾 57.2%
Hand Cannoneer ×84 · Flemish Militia ×50 · Skirmisher ×42 · Trade Cart ×6 · Bombard Cannon ×5 · Monk ×4
Feudal
11:39
Castle
28:06
Imperial
—
| APM avg | 26.7 |
| APM peak | 80 |
| eAPM avg | 16.7 |
| Villagers / military | 68 / 18 |
Focus
⚔️ 19.2% · 🌾 80.8%
Skirmisher ×15 · Unknown (2550) ×6 · Mangonel ×3
Feudal
11:27
Castle
15:47
Imperial
34:03
| APM avg | 39.9 |
| APM peak | 92 |
| eAPM avg | 29.2 |
| Villagers / military | 184 / 282 |
Focus
⚔️ 33.7% · 🌾 66.3%
Knight ×131 · Scout Cavalry ×131 · Trade Cart ×32 · Scorpion ×9 · Bombard Cannon ×7 · Mangonel ×3
Feudal
11:34
Castle
21:14
Imperial
27:27
| APM avg | 26.4 |
| APM peak | 66 |
| eAPM avg | 20.1 |
| Villagers / military | 116 / 169 |
Focus
⚔️ 40.9% · 🌾 59.1%
Skirmisher ×76 · Eagle Scout ×40 · Plumed Archer ×37 · Trade Cart ×16 · Battering Ram ×11 · Trebuchet (Packed) ×3
Feudal
12:04
Castle
15:40
Imperial
36:07
| APM avg | 73.6 |
| APM peak | 130 |
| eAPM avg | 41.4 |
| Villagers / military | 127 / 173 |
Focus
⚔️ 62.4% · 🌾 37.6%
Knight ×77 · Conquistador ×70 · Fishing Ship ×34 · Trade Cart ×26 · Petard ×16 · Trebuchet (Packed) ×4
Feudal
13:37
Castle
24:00
Imperial
35:27
| APM avg | 47.8 |
| APM peak | 116 |
| eAPM avg | 30.6 |
| Villagers / military | 150 / 243 |
Focus
⚔️ 41.9% · 🌾 58.1%
Cavalry Archer ×213 · Trade Cart ×27 · Trebuchet (Packed) ×17 · Archer ×12 · Monk ×1
Feudal
12:14
Castle
20:36
Imperial
36:57
| APM avg | 30.3 |
| APM peak | 66 |
| eAPM avg | 23.0 |
| Villagers / military | 118 / 286 |
Focus
⚔️ 43.6% · 🌾 56.4%
Kamayuk ×163 · Skirmisher ×95 · Fishing Ship ×56 · Trade Cart ×24 · Spearman ×13 · Unknown (2550) ×11
Feudal
17:23
Castle
24:16
Imperial
31:39
| APM avg | 44.2 |
| APM peak | 104 |
| eAPM avg | 22.4 |
| Villagers / military | 88 / 189 |
Focus
⚔️ 34.5% · 🌾 65.5%
Hand Cannoneer ×151 · Bombard Cannon ×26 · Organ Gun ×7 · Battering Ram ×3 · Archer ×1 · Militia ×1
Match map
Initial resources + every placement click. Lines = walls · curves = elevation contours. ◆ gold · ⬟ stone · ● berries · ✦ relic · ◌ wall gap
Your base· ✓ Closed at 16:01 · 1t walls · fragile
InGodWeTrust's base· ✓ Closed at 28:06 · 148t walls · fragile
RedPanda's base· ✓ Closed at 15:47 · 0t walls · fragile
Good Vill Hunting's base· ✓ Closed at 21:14 · 72t walls · 1 gate(s)
大葱鸭's base· ✓ Closed at 15:40 · 22t walls · 1 gate(s) · fragile
Bro Creation's base· Open — opponent sealed themselves in
aoclearnarabia's base· ✓ Closed at 20:36 · 57t walls · fragile
Killing_Bambi's base· ✓ Closed at 24:16 · 38t walls · fragile
Smoothed initial terrain · ◌ = detected wall gap · hover for details
Inputs per minute
— Denosumab - - InGodWeTrust
Build order — Denosumab
First 150 of 428 actions detected
| 0:00 | Create | Villager (Male) |
| 0:01 | Create | Villager (Male) |
| 0:02 | Build | House |
| 0:03 | Build | House |
| 0:11 | Create | Villager (Male) |
| 0:22 | Create | Villager (Male) |
| 1:26 | Create | Villager (Male) |
| 1:59 | Create | Villager (Male) |
| 2:05 | Build | Lumber Camp |
| 2:20 | Create | Villager (Male) |
| 2:49 | Create | Villager (Male) |
| 3:10 | Create | Villager (Male) |
| 3:46 | Create | Villager (Male) |
| 3:46 | Create | Villager (Male) |
| 3:49 | Build | House |
| 4:17 | Create | Villager (Male) |
| 4:20 | Build | Mill |
| 4:52 | Create | Villager (Male) |
| 4:53 | Create | Villager (Male) |
| 5:33 | Create | Villager (Male) |
| 5:45 | Build | House |
| 6:03 | Create | Villager (Male) |
| 6:03 | Create | Villager (Male) |
| 6:19 | Create | Villager (Male) |
| 6:25 | Build | Farm |
| 6:39 | Create | Villager (Male) |
| 6:41 | Build | Farm |
| 7:09 | Build | House |
| 7:11 | Create | Villager (Male) |
| 7:41 | Create | Villager (Male) |
| 7:46 | Build | Palisade Wall |
| 7:56 | Create | Villager (Male) |
| 8:14 | Create | Villager (Male) |
| 8:26 | Build | House |
| 8:40 | Create | Villager (Male) |
| 9:19 | Research | Feudal Age |
| 9:47 | Build | Mining Camp |
| 11:11 | Create | Villager (Male) |
| 11:12 | Create | Villager (Male) |
| 12:02 | Age | Feudal Age |
| 12:04 | Build | Market |
| 12:05 | Build | Blacksmith |
| 12:06 | Create | Villager (Male) |
| 12:50 | Build | House |
| 13:11 | Research | Double-Bit Axe |
| 13:12 | Research | Horse Collar |
| 13:19 | Create | Villager (Male) |
| 13:21 | Research | Castle Age |
| 13:24 | Build | Farm |
| 13:28 | Build | Farm |
| 15:50 | Create | Villager (Male) |
| 15:58 | Build | House |
| 16:01 | Age | Castle Age |
| 16:06 | Build | Palisade Wall |
| 16:08 | Build | Palisade Wall |
| 16:13 | Create | Villager (Male) |
| 16:22 | Create | Villager (Male) |
| 16:25 | Create | Villager (Male) |
| 16:39 | Build | Town Center |
| 16:41 | Research | Bow Saw |
| 16:42 | Create | Villager (Male) |
| 17:08 | Build | Town Center |
| 17:13 | Create | Villager (Male) |
| 17:18 | Build | House |
| 17:53 | Create | Villager (Male) |
| 17:55 | Create | Villager (Male) |
| 18:09 | Build | Siege Workshop |
| 18:10 | Build | Palisade Wall |
| 18:11 | Build | Palisade Wall |
| 18:13 | Build | Palisade Wall |
| 18:17 | Create | Villager (Male) |
| 18:30 | Create | Villager (Male) |
| 18:32 | Create | Villager (Male) |
| 18:36 | Create | Villager (Male) |
| 18:47 | Research | Wheelbarrow |
| 18:47 | Create | Villager (Male) |
| 18:56 | Create | Mangonel |
| 19:02 | Build | Outpost |
| 19:03 | Build | Outpost |
| 19:04 | Create | Villager (Male) |
| 19:05 | Create | Villager (Male) |
| 19:07 | Build | House |
| 19:08 | Build | House |
| 19:08 | Create | Villager (Male) |
| 19:13 | Create | Villager (Male) |
| 19:16 | Create | Villager (Male) |
| 19:22 | Build | Farm |
| 19:25 | Build | Farm |
| 19:25 | Create | Villager (Male) |
| 19:27 | Build | Farm |
| 19:28 | Build | Farm |
| 19:44 | Build | House |
| 19:51 | Build | House |
| 20:02 | Create | Villager (Male) |
| 20:03 | Create | Scorpion |
| 20:13 | Create | Villager (Male) |
| 20:20 | Build | Monastery |
| 20:29 | Create | Villager (Male) |
| 20:40 | Create | Villager (Male) |
| 20:49 | Create | Villager (Male) |
| 20:52 | Build | House |
| 20:53 | Create | Scorpion |
| 21:06 | Create | Monk |
| 21:09 | Build | House |
| 21:32 | Create | Villager (Male) |
| 21:38 | Create | Villager (Male) |
| 21:45 | Create | Scorpion |
| 21:48 | Build | House |
| 21:58 | Create | Villager (Male) |
| 22:16 | Build | House |
| 22:19 | Create | Monk |
| 22:20 | Create | Villager (Male) |
| 22:22 | Build | House |
| 22:22 | Build | House |
| 22:26 | Build | Farm |
| 22:26 | Build | Farm |
| 22:26 | Build | Farm |
| 22:27 | Build | Farm |
| 22:27 | Build | Farm |
| 22:27 | Build | Farm |
| 22:30 | Build | Farm |
| 22:30 | Build | Farm |
| 22:31 | Build | Farm |
| 22:31 | Create | Villager (Male) |
| 22:37 | Create | Mangonel |
| 22:45 | Create | Villager (Male) |
| 22:47 | Build | Farm |
| 22:47 | Create | Villager (Male) |
| 22:51 | Build | Farm |
| 22:51 | Build | Farm |
| 22:52 | Create | Villager (Male) |
| 22:54 | Build | Lumber Camp |
| 22:59 | Build | Farm |
| 22:59 | Build | Farm |
| 22:59 | Build | Farm |
| 23:00 | Create | Villager (Male) |
| 23:30 | Create | Villager (Male) |
| 23:33 | Create | Mangonel |
| 23:45 | Create | Villager (Male) |
| 23:47 | Build | Farm |
| 23:48 | Create | Villager (Male) |
| 23:50 | Create | Villager (Male) |
| 24:04 | Create | Villager (Male) |
| 24:04 | Create | Villager (Male) |
| 24:08 | Build | Town Center |
| 24:09 | Create | Villager (Male) |
| 24:10 | Create | Villager (Male) |
| 24:13 | Build | House |
| 24:30 | Create | Villager (Male) |
| 24:41 | Create | Villager (Male) |
Build order — InGodWeTrust
First 150 of 217 actions detected
| 0:00 | Create | Villager (Male) |
| 0:01 | Create | Villager (Male) |
| 0:02 | Build | House |
| 0:03 | Build | House |
| 0:04 | Create | Villager (Male) |
| 0:04 | Create | Villager (Male) |
| 0:58 | Research | Loom |
| 0:58 | Create | Villager (Male) |
| 1:44 | Build | Palisade Wall |
| 1:59 | Create | Villager (Male) |
| 2:29 | Create | Villager (Male) |
| 2:47 | Create | Villager (Male) |
| 3:35 | Create | Villager (Male) |
| 3:59 | Create | Villager (Male) |
| 4:22 | Create | Villager (Male) |
| 4:30 | Build | Palisade Wall |
| 4:53 | Create | Villager (Male) |
| 4:54 | Create | Villager (Male) |
| 5:13 | Create | Villager (Male) |
| 5:39 | Build | House |
| 5:53 | Create | Villager (Male) |
| 6:12 | Create | Villager (Male) |
| 6:26 | Create | Villager (Male) |
| 6:34 | Build | Palisade Wall |
| 6:37 | Create | Villager (Male) |
| 6:37 | Create | Villager (Male) |
| 7:37 | Build | House |
| 7:39 | Create | Villager (Male) |
| 8:17 | Build | Settlement |
| 8:33 | Create | Villager (Male) |
| 8:49 | Create | Villager (Male) |
| 9:24 | Create | Villager (Male) |
| 9:29 | Research | Feudal Age |
| 9:33 | Build | Settlement |
| 10:11 | Build | Settlement |
| 10:45 | Build | Barracks |
| 11:05 | Create | Villager (Male) |
| 11:39 | Age | Feudal Age |
| 11:43 | Research | Tech 1402 |
| 11:48 | Build | Watch Tower |
| 11:54 | Create | Villager (Male) |
| 12:03 | Create | Villager (Male) |
| 12:11 | Create | Unit 2550 |
| 12:17 | Create | Villager (Male) |
| 12:27 | Create | Unit 2550 |
| 12:39 | Build | Watch Tower |
| 12:42 | Create | Villager (Male) |
| 13:07 | Build | Stone Wall |
| 13:08 | Build | Stone Wall |
| 13:09 | Build | Stone Wall |
| 13:11 | Build | Stone Wall |
| 13:13 | Build | Stone Wall |
| 13:27 | Create | Villager (Male) |
| 13:41 | Build | Palisade Wall |
| 13:54 | Create | Villager (Male) |
| 14:01 | Create | Unit 2550 |
| 14:02 | Create | Unit 2550 |
| 14:20 | Create | Villager (Male) |
| 14:34 | Build | Stone Wall |
| 14:42 | Create | Unit 2550 |
| 14:42 | Create | Unit 2550 |
| 14:43 | Create | Villager (Male) |
| 14:49 | Build | House |
| 14:50 | Build | House |
| 15:05 | Build | Stone Wall |
| 15:21 | Create | Villager (Male) |
| 15:24 | Build | Farm |
| 15:26 | Build | Farm |
| 15:27 | Build | Farm |
| 15:28 | Create | Villager (Male) |
| 15:53 | Build | Stone Wall |
| 15:55 | Create | Villager (Male) |
| 16:30 | Build | Watch Tower |
| 16:32 | Create | Villager (Male) |
| 16:46 | Create | Villager (Male) |
| 17:29 | Build | Watch Tower |
| 17:32 | Build | Farm |
| 17:33 | Create | Villager (Male) |
| 17:33 | Create | Villager (Male) |
| 17:52 | Build | House |
| 18:12 | Create | Villager (Male) |
| 18:25 | Create | Villager (Male) |
| 18:54 | Research | Double-Bit Axe |
| 18:55 | Create | Villager (Male) |
| 18:55 | Create | Villager (Male) |
| 20:10 | Build | Stone Wall |
| 20:33 | Build | Stone Wall |
| 20:40 | Create | Villager (Male) |
| 20:40 | Create | Villager (Male) |
| 20:44 | Build | Blacksmith |
| 20:58 | Build | Watch Tower |
| 21:10 | Create | Villager (Male) |
| 21:45 | Build | Stone Wall |
| 22:15 | Create | Villager (Male) |
| 22:15 | Create | Villager (Male) |
| 22:19 | Build | Farm |
| 22:20 | Build | Farm |
| 22:21 | Build | Farm |
| 22:21 | Build | Farm |
| 22:22 | Build | Farm |
| 22:23 | Build | Farm |
| 22:24 | Build | Farm |
| 22:47 | Build | Stone Wall |
| 23:01 | Create | Villager (Male) |
| 23:12 | Build | Stone Wall |
| 23:16 | Create | Villager (Male) |
| 23:17 | Build | Farm |
| 23:19 | Research | Horse Collar |
| 23:31 | Create | Villager (Male) |
| 23:46 | Build | Stone Wall |
| 23:51 | Build | Watch Tower |
| 23:56 | Build | Stone Wall |
| 24:00 | Build | House |
| 24:10 | Build | House |
| 24:23 | Build | House |
| 24:39 | Build | Market |
| 24:57 | Build | Stone Wall |
| 25:26 | Research | Castle Age |
| 25:35 | Build | Settlement |
| 25:49 | Build | Stone Wall |
| 25:54 | Build | Settlement |
| 26:16 | Build | Stone Wall |
| 26:18 | Create | Villager (Male) |
| 26:36 | Build | Settlement |
| 26:41 | Build | House |
| 26:45 | Build | House |
| 27:04 | Build | Settlement |
| 27:51 | Build | House |
| 27:56 | Build | Archery Range |
| 27:56 | Build | Archery Range |
| 27:58 | Build | Archery Range |
| 28:00 | Research | Fletching |
| 28:00 | Research | Padded Archer Armor |
| 28:06 | Age | Castle Age |
| 28:06 | Build | Settlement |
| 28:17 | Create | Villager (Male) |
| 28:31 | Build | Siege Workshop |
| 28:33 | Research | Elite Skirmisher (upgrade) |
| 28:35 | Research | Bodkin Arrow |
| 29:15 | Create | Mangonel |
| 29:17 | Build | House |
| 29:19 | Create | Skirmisher ×5 |
| 29:28 | Build | Town Center |
| 29:42 | Build | Settlement |
| 29:50 | Create | Mangonel |
| 29:57 | Build | Settlement |
| 30:25 | Create | Skirmisher ×3 |
| 30:38 | Create | Mangonel |
| 30:43 | Create | Skirmisher |
| 31:09 | Build | Town Center |
Build order — RedPanda
First 150 of 721 actions detected
| 0:01 | Create | Villager (Male) |
| 0:01 | Create | Villager (Male) |
| 0:02 | Create | Villager (Male) |
| 0:02 | Create | Villager (Male) |
| 0:03 | Build | House |
| 0:04 | Build | House |
| 1:26 | Create | Villager (Male) |
| 1:27 | Create | Villager (Male) |
| 2:00 | Create | Villager (Male) |
| 2:00 | Create | Villager (Male) |
| 2:18 | Create | Villager (Male) |
| 2:18 | Create | Villager (Male) |
| 2:41 | Build | Lumber Camp |
| 2:42 | Create | Villager (Male) |
| 2:42 | Create | Villager (Male) |
| 3:03 | Create | Villager (Male) |
| 3:04 | Create | Villager (Male) |
| 3:21 | Build | House |
| 3:31 | Create | Villager (Male) |
| 3:31 | Create | Villager (Male) |
| 3:52 | Create | Villager (Male) |
| 3:52 | Create | Villager (Male) |
| 4:24 | Create | Villager (Male) |
| 4:24 | Create | Villager (Male) |
| 4:53 | Build | Mill |
| 4:59 | Build | House |
| 5:06 | Create | Villager (Male) |
| 5:07 | Create | Villager (Male) |
| 5:07 | Create | Villager (Male) |
| 5:08 | Create | Villager (Male) |
| 5:47 | Research | Loom |
| 5:52 | Build | House |
| 6:02 | Create | Villager (Male) |
| 6:21 | Create | Villager (Male) |
| 6:56 | Build | House |
| 7:05 | Create | Villager (Male) |
| 7:06 | Create | Villager (Male) |
| 7:39 | Create | Villager (Male) |
| 8:07 | Create | Villager (Male) |
| 8:20 | Create | Villager (Male) |
| 8:49 | Research | Feudal Age |
| 9:12 | Build | Mining Camp |
| 10:20 | Build | Barracks |
| 10:49 | Create | Villager (Male) |
| 11:16 | Build | Farm |
| 11:22 | Build | Farm |
| 11:25 | Create | Villager (Male) |
| 11:27 | Age | Feudal Age |
| 11:35 | Build | Stable |
| 11:56 | Create | Villager (Male) |
| 12:22 | Create | Villager (Male) |
| 12:28 | Build | Blacksmith |
| 12:52 | Research | Double-Bit Axe |
| 13:04 | Research | Castle Age |
| 13:35 | Research | Horse Collar |
| 13:46 | Build | Farm |
| 13:48 | Build | Farm |
| 13:49 | Build | Farm |
| 14:03 | Build | House |
| 14:14 | Create | Scout Cavalry |
| 14:15 | Create | Scout Cavalry |
| 14:23 | Create | Villager (Male) |
| 14:32 | Create | Villager (Male) |
| 15:23 | Create | Scout Cavalry |
| 15:30 | Research | Bloodlines |
| 15:37 | Build | Farm |
| 15:47 | Age | Castle Age |
| 15:48 | Research | Scale Barding Armor |
| 15:49 | Create | Knight |
| 15:49 | Create | Knight |
| 16:00 | Build | Farm |
| 16:21 | Create | Villager (Male) |
| 16:27 | Build | Town Center |
| 16:30 | Create | Villager (Male) |
| 16:30 | Create | Villager (Male) |
| 16:30 | Create | Villager (Male) |
| 16:33 | Build | Stable |
| 16:40 | Create | Knight |
| 16:40 | Create | Knight |
| 16:49 | Build | Farm |
| 16:49 | Build | Farm |
| 16:49 | Build | Farm |
| 16:50 | Build | Farm |
| 16:50 | Build | Farm |
| 16:50 | Build | Farm |
| 16:52 | Create | Villager (Male) |
| 16:52 | Create | Villager (Male) |
| 17:15 | Create | Villager (Male) |
| 17:15 | Create | Villager (Male) |
| 17:15 | Create | Villager (Male) |
| 17:22 | Build | House |
| 17:23 | Build | House |
| 17:24 | Build | House |
| 17:24 | Build | House |
| 17:37 | Create | Knight |
| 17:38 | Create | Knight |
| 17:49 | Build | Farm |
| 17:49 | Build | Farm |
| 17:50 | Build | Farm |
| 17:50 | Build | Farm |
| 17:50 | Build | Farm |
| 17:51 | Build | Farm |
| 17:52 | Create | Villager (Male) |
| 17:53 | Create | Villager (Male) |
| 17:53 | Create | Villager (Male) |
| 18:07 | Create | Villager (Male) |
| 18:07 | Create | Villager (Male) |
| 18:16 | Build | Farm |
| 18:16 | Build | Farm |
| 18:16 | Build | Farm |
| 18:17 | Build | Farm |
| 18:29 | Create | Knight |
| 18:30 | Create | Knight |
| 18:45 | Create | Villager (Male) |
| 18:45 | Create | Villager (Male) |
| 18:52 | Build | Farm |
| 18:53 | Build | Farm |
| 18:54 | Build | Farm |
| 18:54 | Build | Farm |
| 18:54 | Build | Farm |
| 18:55 | Build | Farm |
| 18:56 | Build | Farm |
| 18:57 | Create | Villager (Male) |
| 18:57 | Create | Villager (Male) |
| 19:05 | Create | Villager (Male) |
| 19:06 | Create | Villager (Male) |
| 19:09 | Build | House |
| 19:10 | Build | House |
| 19:20 | Create | Villager (Male) |
| 19:20 | Create | Villager (Male) |
| 19:29 | Build | Farm |
| 19:37 | Create | Villager (Male) |
| 19:37 | Create | Villager (Male) |
| 19:40 | Create | Villager (Male) |
| 19:41 | Create | Villager (Male) |
| 19:50 | Build | House |
| 19:50 | Build | House |
| 19:52 | Create | Villager (Male) |
| 20:15 | Create | Villager (Male) |
| 20:16 | Create | Villager (Male) |
| 20:16 | Create | Villager (Male) |
| 20:17 | Create | Villager (Male) |
| 20:28 | Build | Farm |
| 20:29 | Build | Farm |
| 20:31 | Create | Villager (Male) |
| 20:31 | Create | Villager (Male) |
| 20:37 | Create | Villager (Male) |
| 20:38 | Create | Villager (Male) |
| 20:44 | Research | Bow Saw |
| 20:46 | Create | Villager (Male) |
Build order — Good Vill Hunting
First 150 of 483 actions detected
| 0:02 | Research | Loom |
| 0:02 | Create | Villager (Male) |
| 0:02 | Create | Villager (Male) |
| 0:03 | Create | Villager (Male) |
| 0:04 | Build | House |
| 0:06 | Build | House |
| 1:15 | Build | Palisade Wall |
| 1:44 | Create | Villager (Male) |
| 2:31 | Create | Villager (Male) |
| 2:31 | Create | Villager (Male) |
| 2:43 | Create | Villager (Male) |
| 2:43 | Create | Villager (Male) |
| 3:21 | Build | House |
| 3:32 | Create | Villager (Male) |
| 3:32 | Create | Villager (Male) |
| 3:55 | Build | Palisade Wall |
| 4:06 | Create | Villager (Male) |
| 4:06 | Create | Villager (Male) |
| 4:36 | Build | Palisade Wall |
| 4:38 | Create | Villager (Male) |
| 4:38 | Create | Villager (Male) |
| 4:52 | Build | Palisade Wall |
| 4:54 | Create | Villager (Male) |
| 4:55 | Create | Villager (Male) |
| 5:30 | Build | Lumber Camp |
| 5:31 | Create | Villager (Male) |
| 5:32 | Create | Villager (Male) |
| 5:40 | Create | Villager (Male) |
| 5:40 | Create | Villager (Male) |
| 6:23 | Create | Villager (Male) |
| 6:35 | Create | Villager (Male) |
| 6:36 | Create | Villager (Male) |
| 6:51 | Build | Palisade Wall |
| 7:00 | Build | House |
| 7:05 | Create | Villager (Male) |
| 7:21 | Create | Villager (Male) |
| 7:53 | Create | Villager (Male) |
| 8:14 | Create | Villager (Male) |
| 8:29 | Build | Mill |
| 8:43 | Create | Villager (Male) |
| 9:07 | Build | House |
| 9:24 | Research | Feudal Age |
| 9:31 | Build | Mining Camp |
| 10:42 | Build | Lumber Camp |
| 11:34 | Age | Feudal Age |
| 11:38 | Build | Watch Tower |
| 11:41 | Research | Double-Bit Axe |
| 11:43 | Create | Villager (Male) |
| 11:45 | Create | Villager (Male) |
| 11:57 | Build | Farm |
| 12:22 | Create | Villager (Male) |
| 12:40 | Create | Villager (Male) |
| 13:06 | Build | Stone Wall |
| 13:08 | Build | Gate |
| 13:11 | Create | Villager (Male) |
| 13:21 | Research | Wheelbarrow |
| 13:23 | Research | Horse Collar |
| 13:26 | Build | Farm |
| 13:27 | Build | Farm |
| 13:27 | Build | Farm |
| 13:27 | Build | Farm |
| 13:28 | Build | Farm |
| 13:28 | Build | Farm |
| 13:28 | Build | Farm |
| 13:28 | Build | Farm |
| 13:30 | Create | Villager (Male) |
| 13:46 | Build | Stone Wall |
| 13:47 | Create | Villager (Male) |
| 13:50 | Create | Villager (Male) |
| 14:13 | Create | Villager (Male) |
| 14:52 | Build | Farm |
| 14:52 | Build | Farm |
| 15:00 | Build | Mining Camp |
| 15:39 | Build | Farm |
| 15:56 | Build | House |
| 15:59 | Research | Town Watch |
| 16:03 | Build | House |
| 16:06 | Build | Farm |
| 16:24 | Create | Villager (Male) |
| 16:29 | Build | House |
| 16:32 | Build | Farm |
| 16:35 | Build | Farm |
| 16:38 | Build | Farm |
| 16:42 | Build | Farm |
| 16:43 | Create | Villager (Male) |
| 16:56 | Create | Villager (Male) |
| 17:20 | Build | Market |
| 17:23 | Build | Blacksmith |
| 17:36 | Build | Farm |
| 17:41 | Create | Villager (Male) |
| 17:47 | Build | Farm |
| 18:09 | Create | Villager (Male) |
| 18:10 | Build | Farm |
| 18:26 | Research | Castle Age |
| 18:41 | Research | Gold Mining |
| 18:49 | Build | House |
| 20:00 | Create | Villager (Male) |
| 20:09 | Build | House |
| 21:14 | Age | Castle Age |
| 21:21 | Build | Monastery |
| 21:32 | Create | Villager (Male) |
| 21:33 | Create | Villager (Male) |
| 21:58 | Build | Castle |
| 22:32 | Create | Villager (Male) |
| 22:42 | Create | Villager (Male) |
| 23:19 | Create | Villager (Male) |
| 23:49 | Build | Siege Workshop |
| 24:17 | Research | Imperial Age |
| 24:41 | Build | Mining Camp |
| 24:49 | Create | Mangonel |
| 24:54 | Create | Plumed Archer |
| 24:55 | Create | Plumed Archer |
| 25:17 | Research | Fletching |
| 25:17 | Research | Fletching |
| 25:40 | Create | Plumed Archer |
| 25:40 | Create | Plumed Archer |
| 25:41 | Create | Plumed Archer |
| 25:53 | Create | Villager (Male) |
| 25:56 | Research | Bow Saw |
| 26:00 | Create | Plumed Archer |
| 26:00 | Create | Plumed Archer |
| 26:00 | Create | Plumed Archer |
| 26:00 | Create | Plumed Archer |
| 26:16 | Create | Plumed Archer |
| 26:16 | Create | Plumed Archer |
| 26:24 | Build | University |
| 26:27 | Build | House |
| 26:28 | Build | House |
| 26:34 | Build | House |
| 26:43 | Create | Plumed Archer |
| 26:43 | Create | Plumed Archer |
| 26:43 | Create | Plumed Archer |
| 27:07 | Create | Plumed Archer |
| 27:07 | Create | Plumed Archer |
| 27:07 | Create | Plumed Archer |
| 27:27 | Age | Imperial Age |
| 27:29 | Create | Trebuchet (Packed) |
| 27:36 | Research | Bodkin Arrow |
| 27:47 | Create | Mangonel |
| 27:58 | Create | Villager (Male) |
| 28:21 | Create | Villager (Male) |
| 28:26 | Build | Town Center |
| 28:39 | Create | Plumed Archer |
| 28:39 | Create | Plumed Archer |
| 28:39 | Create | Plumed Archer |
| 28:40 | Create | Villager (Male) |
| 29:10 | Research | Bracer |
| 29:11 | Research | Bracer |
| 29:15 | Create | Villager (Male) |
| 29:19 | Create | Villager (Male) |
Build order — 大葱鸭
First 150 of 515 actions detected
| 0:00 | Create | Villager (Male) |
| 0:01 | Create | Villager (Male) |
| 0:01 | Create | Villager (Male) |
| 0:01 | Create | Villager (Male) |
| 0:02 | Create | Villager (Male) |
| 0:03 | Build | House |
| 0:03 | Build | House |
| 0:04 | Build | House |
| 1:11 | Create | Villager (Male) |
| 1:44 | Build | Lumber Camp |
| 1:46 | Create | Villager (Male) |
| 2:12 | Create | Villager (Male) |
| 2:45 | Create | Villager (Male) |
| 2:59 | Create | Villager (Male) |
| 3:34 | Create | Villager (Male) |
| 3:34 | Create | Villager (Male) |
| 3:58 | Create | Villager (Male) |
| 4:21 | Create | Villager (Male) |
| 5:06 | Create | Villager (Male) |
| 5:09 | Build | Dock |
| 5:17 | Build | Dock |
| 5:20 | Create | Villager (Male) |
| 5:45 | Create | Villager (Male) |
| 5:52 | Build | House |
| 5:53 | Create | Fishing Ship |
| 6:17 | Create | Fishing Ship |
| 6:29 | Build | Palisade Wall |
| 6:39 | Create | Fishing Ship |
| 6:47 | Build | Palisade Wall |
| 6:52 | Create | Villager (Male) |
| 6:53 | Create | Villager (Male) |
| 6:53 | Create | Villager (Male) |
| 6:53 | Create | Villager (Male) |
| 6:56 | Build | Palisade Wall |
| 7:05 | Create | Villager (Male) |
| 7:16 | Build | House |
| 7:42 | Create | Fishing Ship |
| 7:46 | Build | House |
| 8:13 | Create | Villager (Male) |
| 8:20 | Build | Lumber Camp |
| 8:46 | Create | Fishing Ship |
| 9:00 | Create | Villager (Male) |
| 9:29 | Create | Villager (Male) |
| 9:31 | Research | Feudal Age |
| 9:44 | Build | Mining Camp |
| 9:51 | Create | Fishing Ship |
| 10:43 | Build | Mining Camp |
| 10:50 | Build | Palisade Gate |
| 10:52 | Build | Palisade Wall |
| 11:07 | Create | Villager (Male) |
| 11:11 | Build | Mill |
| 11:32 | Build | House |
| 11:41 | Create | Villager (Male) |
| 11:46 | Build | House |
| 12:04 | Age | Feudal Age |
| 12:08 | Build | Market |
| 12:13 | Build | Blacksmith |
| 12:38 | Build | Stone Wall |
| 13:00 | Research | Castle Age |
| 13:09 | Build | Dock |
| 13:18 | Create | Villager (Male) |
| 13:25 | Build | House |
| 14:04 | Create | Fishing Ship |
| 14:05 | Build | House |
| 14:07 | Create | Fishing Ship |
| 14:12 | Research | Double-Bit Axe |
| 14:26 | Build | House |
| 14:29 | Build | House |
| 14:34 | Build | House |
| 14:54 | Research | Gold Mining |
| 14:58 | Create | Fishing Ship |
| 15:05 | Research | Tech 906 |
| 15:40 | Age | Castle Age |
| 15:45 | Research | Gillnets |
| 15:57 | Create | Villager (Male) |
| 16:04 | Create | Villager (Male) |
| 16:11 | Build | Fish Trap |
| 16:14 | Build | Fish Trap |
| 16:21 | Build | Fish Trap |
| 16:30 | Build | Stone Wall |
| 16:30 | Build | Stone Wall |
| 16:34 | Create | Villager (Male) |
| 16:41 | Research | Loom |
| 17:05 | Build | Castle |
| 17:11 | Create | Villager (Male) |
| 17:17 | Build | Castle |
| 17:28 | Build | Fish Trap |
| 17:36 | Build | Town Center |
| 17:39 | Create | Villager (Male) |
| 18:00 | Create | Villager (Male) |
| 18:15 | Research | Bow Saw |
| 18:20 | Create | Conquistador |
| 18:21 | Create | Conquistador |
| 18:37 | Create | Villager (Male) |
| 18:38 | Create | Villager (Male) |
| 18:46 | Research | Padded Archer Armor |
| 18:49 | Build | Fish Trap |
| 18:54 | Create | Villager (Male) |
| 18:56 | Create | Villager (Male) |
| 18:58 | Create | Conquistador |
| 19:05 | Build | Fish Trap |
| 19:10 | Create | Villager (Male) |
| 19:20 | Build | Fish Trap |
| 19:24 | Create | Petard |
| 19:33 | Build | Fish Trap |
| 19:43 | Create | Villager (Male) |
| 20:07 | Create | Villager (Male) |
| 20:08 | Create | Villager (Male) |
| 20:10 | Build | Farm |
| 20:10 | Build | Farm |
| 20:11 | Build | Farm |
| 20:14 | Create | Conquistador |
| 20:15 | Create | Conquistador |
| 20:38 | Create | Conquistador |
| 20:49 | Create | Conquistador |
| 21:04 | Create | Villager (Male) |
| 21:12 | Create | Villager (Male) |
| 21:42 | Create | Villager (Male) |
| 21:44 | Build | Town Center |
| 21:46 | Create | Fishing Ship |
| 21:46 | Create | Fishing Ship |
| 21:50 | Create | Villager (Male) |
| 21:53 | Create | Conquistador |
| 22:19 | Create | Villager (Male) |
| 22:19 | Create | Villager (Male) |
| 22:21 | Build | Farm |
| 22:21 | Build | Farm |
| 22:22 | Build | Farm |
| 22:23 | Research | Horse Collar |
| 22:23 | Create | Villager (Male) |
| 22:30 | Create | Conquistador |
| 22:30 | Create | Conquistador |
| 22:34 | Research | Leather Archer Armor |
| 22:37 | Build | Fish Trap |
| 22:39 | Create | Fishing Ship |
| 22:40 | Create | Fishing Ship |
| 22:45 | Build | Fish Trap |
| 22:51 | Create | Villager (Male) |
| 22:52 | Create | Villager (Male) |
| 22:53 | Create | Villager (Male) |
| 23:01 | Create | Conquistador |
| 23:07 | Create | Villager (Male) |
| 23:13 | Build | Farm |
| 23:14 | Build | Farm |
| 23:17 | Build | Farm |
| 23:18 | Create | Villager (Male) |
| 23:25 | Build | Fish Trap |
| 23:27 | Create | Conquistador |
| 23:27 | Create | Conquistador |
| 23:31 | Create | Villager (Male) |
Build order — Bro Creation
First 150 of 591 actions detected
| 0:01 | Research | Loom |
| 0:11 | Create | Villager (Male) |
| 0:11 | Create | Villager (Male) |
| 0:11 | Create | Villager (Male) |
| 0:11 | Create | Villager (Male) |
| 1:47 | Create | Villager (Male) |
| 1:47 | Create | Villager (Male) |
| 1:47 | Create | Villager (Male) |
| 2:47 | Create | Villager (Male) |
| 2:48 | Create | Villager (Male) |
| 2:48 | Create | Villager (Male) |
| 3:19 | Create | Villager (Male) |
| 3:19 | Create | Villager (Male) |
| 3:54 | Create | Villager (Male) |
| 3:54 | Create | Villager (Male) |
| 3:54 | Create | Villager (Male) |
| 3:55 | Create | Villager (Male) |
| 4:28 | Create | Villager (Male) |
| 4:29 | Create | Villager (Male) |
| 4:57 | Create | Villager (Male) |
| 4:58 | Create | Villager (Male) |
| 4:58 | Create | Villager (Male) |
| 4:58 | Create | Villager (Male) |
| 5:15 | Create | Villager (Male) |
| 5:16 | Create | Villager (Male) |
| 5:16 | Create | Villager (Male) |
| 5:43 | Create | Villager (Male) |
| 5:43 | Create | Villager (Male) |
| 5:44 | Create | Villager (Male) |
| 6:12 | Create | Villager (Male) |
| 6:12 | Create | Villager (Male) |
| 6:12 | Create | Villager (Male) |
| 6:12 | Create | Villager (Male) |
| 6:21 | Create | Villager (Male) |
| 6:21 | Create | Villager (Male) |
| 6:21 | Create | Villager (Male) |
| 7:10 | Create | Villager (Male) |
| 7:10 | Create | Villager (Male) |
| 7:10 | Create | Villager (Male) |
| 7:10 | Create | Villager (Male) |
| 7:42 | Create | Villager (Male) |
| 7:42 | Create | Villager (Male) |
| 7:42 | Create | Villager (Male) |
| 7:42 | Create | Villager (Male) |
| 8:01 | Build | Palisade Wall |
| 8:10 | Create | Villager (Male) |
| 8:10 | Create | Villager (Male) |
| 8:11 | Create | Villager (Male) |
| 8:59 | Create | Villager (Male) |
| 9:43 | Create | Villager (Male) |
| 9:46 | Build | Lumber Camp |
| 10:09 | Create | Villager (Male) |
| 10:47 | Build | Mill |
| 11:23 | Research | Feudal Age |
| 11:23 | Research | Feudal Age |
| 11:24 | Research | Feudal Age |
| 11:24 | Research | Feudal Age |
| 11:31 | Build | Mining Camp |
| 12:26 | Build | Barracks |
| 12:47 | Create | Villager (Male) |
| 12:57 | Build | Palisade Wall |
| 13:16 | Build | Palisade Wall |
| 13:20 | Build | Palisade Wall |
| 13:22 | Build | Palisade Wall |
| 13:25 | Build | Palisade Wall |
| 13:28 | Build | Palisade Wall |
| 13:37 | Age | Feudal Age |
| 13:38 | Create | Villager (Male) |
| 13:48 | Build | Palisade Wall |
| 13:50 | Build | Palisade Wall |
| 14:00 | Build | Barracks |
| 14:22 | Create | Villager (Male) |
| 14:38 | Build | Farm |
| 14:51 | Create | Villager (Male) |
| 14:54 | Build | Farm |
| 15:14 | Create | Villager (Male) |
| 15:21 | Build | Archery Range |
| 15:38 | Build | Farm |
| 15:42 | Build | Palisade Wall |
| 15:48 | Create | Villager (Male) |
| 15:49 | Create | Archer |
| 15:49 | Create | Archer |
| 16:01 | Create | Villager (Male) |
| 16:12 | Create | Archer |
| 16:13 | Create | Archer |
| 16:13 | Create | Archer |
| 16:13 | Create | Archer |
| 16:17 | Create | Villager (Male) |
| 16:43 | Create | Archer |
| 16:44 | Create | Archer |
| 17:01 | Create | Villager (Male) |
| 17:11 | Create | Archer |
| 17:25 | Build | Farm |
| 17:34 | Build | Farm |
| 17:35 | Build | Farm |
| 17:36 | Build | Farm |
| 17:36 | Create | Villager (Male) |
| 17:37 | Create | Villager (Male) |
| 17:56 | Build | Farm |
| 18:14 | Build | Farm |
| 18:26 | Create | Archer |
| 18:31 | Build | Palisade Wall |
| 18:32 | Build | Palisade Wall |
| 18:39 | Create | Villager (Male) |
| 18:39 | Create | Villager (Male) |
| 18:48 | Build | Farm |
| 18:49 | Build | Farm |
| 19:17 | Create | Villager (Male) |
| 19:55 | Create | Villager (Male) |
| 20:03 | Build | Market |
| 20:19 | Build | Stone Wall |
| 20:22 | Create | Villager (Male) |
| 20:41 | Create | Villager (Male) |
| 20:51 | Build | Blacksmith |
| 21:03 | Build | Stone Wall |
| 21:20 | Research | Castle Age |
| 21:20 | Research | Castle Age |
| 21:55 | Create | Archer |
| 21:56 | Create | Archer |
| 22:09 | Build | Lumber Camp |
| 22:10 | Research | Double-Bit Axe |
| 23:00 | Research | Horse Collar |
| 23:00 | Research | Horse Collar |
| 23:18 | Research | Fletching |
| 23:44 | Create | Villager (Male) |
| 24:00 | Age | Castle Age |
| 24:06 | Build | Town Center |
| 24:10 | Create | Cavalry Archer |
| 24:25 | Create | Villager (Male) |
| 24:31 | Research | Double-Bit Axe |
| 24:32 | Research | Double-Bit Axe |
| 24:41 | Build | Town Center |
| 24:42 | Create | Villager (Male) |
| 24:56 | Build | Outpost |
| 25:01 | Build | Outpost |
| 25:03 | Create | Villager (Male) |
| 25:04 | Create | Villager (Male) |
| 25:07 | Research | Wheelbarrow |
| 25:30 | Build | Stone Wall |
| 25:31 | Build | Stone Wall |
| 25:32 | Create | Villager (Male) |
| 25:35 | Create | Villager (Male) |
| 25:35 | Create | Villager (Male) |
| 25:52 | Research | Heavy Plow |
| 25:52 | Research | Heavy Plow |
| 25:55 | Build | Farm |
| 25:55 | Build | Farm |
| 25:55 | Build | Farm |
| 25:55 | Build | Farm |
| 25:56 | Build | Farm |
Build order — aoclearnarabia
First 150 of 612 actions detected
| 0:02 | Create | Villager (Male) |
| 0:02 | Create | Villager (Male) |
| 0:03 | Build | House |
| 0:04 | Build | House |
| 0:21 | Create | Villager (Male) |
| 0:26 | Create | Villager (Male) |
| 0:27 | Create | Villager (Male) |
| 1:23 | Create | Villager (Male) |
| 1:51 | Build | Settlement |
| 2:11 | Create | Villager (Male) |
| 2:11 | Create | Villager (Male) |
| 2:35 | Create | Villager (Male) |
| 2:36 | Create | Villager (Male) |
| 2:43 | Create | Villager (Male) |
| 2:43 | Create | Villager (Male) |
| 3:14 | Create | Villager (Male) |
| 3:15 | Create | Villager (Male) |
| 3:40 | Create | Villager (Male) |
| 3:58 | Research | Loom |
| 4:18 | Create | Villager (Male) |
| 4:19 | Create | Villager (Male) |
| 4:29 | Build | Dock |
| 4:37 | Create | Villager (Male) |
| 4:37 | Create | Villager (Male) |
| 4:37 | Create | Villager (Male) |
| 5:25 | Build | Palisade Wall |
| 5:36 | Create | Villager (Male) |
| 5:37 | Create | Villager (Male) |
| 5:50 | Create | Fishing Ship |
| 5:57 | Create | Villager (Male) |
| 6:09 | Create | Villager (Male) |
| 6:35 | Create | Fishing Ship |
| 6:53 | Create | Villager (Male) |
| 7:16 | Build | Palisade Wall |
| 7:17 | Build | Palisade Wall |
| 7:19 | Build | Palisade Wall |
| 7:23 | Build | Palisade Wall |
| 7:45 | Build | Barracks |
| 7:47 | Create | Villager (Male) |
| 7:58 | Create | Villager (Male) |
| 8:17 | Create | Villager (Male) |
| 8:51 | Build | Palisade Wall |
| 8:55 | Create | Villager (Male) |
| 9:00 | Create | Fishing Ship |
| 9:00 | Create | Fishing Ship |
| 9:12 | Create | Villager (Male) |
| 9:46 | Create | Fishing Ship |
| 10:04 | Research | Feudal Age |
| 10:14 | Build | Settlement |
| 10:24 | Create | Unit 2550 |
| 10:25 | Create | Unit 2550 |
| 10:41 | Create | Unit 2550 |
| 10:41 | Create | Unit 2550 |
| 10:58 | Create | Unit 2550 |
| 11:03 | Create | Fishing Ship |
| 11:06 | Create | Fishing Ship |
| 11:17 | Build | Palisade Wall |
| 11:45 | Create | Fishing Ship |
| 12:00 | Create | Unit 2550 |
| 12:14 | Age | Feudal Age |
| 12:17 | Research | Tech 1402 |
| 12:22 | Create | Villager (Male) |
| 12:25 | Research | Double-Bit Axe |
| 12:39 | Build | Palisade Wall |
| 12:52 | Create | Unit 2550 |
| 12:56 | Create | Villager (Male) |
| 13:31 | Create | Villager (Male) |
| 13:35 | Create | Unit 2550 |
| 13:51 | Build | Archery Range |
| 13:58 | Create | Villager (Male) |
| 14:01 | Build | Market |
| 14:02 | Create | Villager (Male) |
| 14:11 | Create | Fishing Ship |
| 14:35 | Create | Villager (Male) |
| 14:59 | Create | Archer |
| 15:02 | Build | Blacksmith |
| 15:04 | Create | Villager (Male) |
| 15:23 | Create | Fishing Ship |
| 15:28 | Create | Villager (Male) |
| 15:42 | Build | Stone Wall |
| 15:44 | Build | Stone Wall |
| 15:46 | Create | Villager (Male) |
| 15:51 | Create | Spearman |
| 15:56 | Build | House |
| 16:02 | Research | Fletching |
| 16:04 | Build | House |
| 16:05 | Build | House |
| 16:22 | Create | Archer |
| 16:27 | Create | Spearman |
| 16:40 | Create | Spearman |
| 16:40 | Create | Spearman |
| 16:42 | Create | Archer |
| 17:06 | Create | Villager (Male) |
| 17:20 | Create | Villager (Male) |
| 17:38 | Create | Archer |
| 17:40 | Build | Barracks |
| 17:43 | Create | Villager (Male) |
| 17:52 | Research | Castle Age |
| 17:57 | Create | Archer |
| 18:02 | Create | Spearman ×2 |
| 18:15 | Create | Archer |
| 18:33 | Create | Spearman |
| 18:35 | Create | Archer |
| 18:48 | Research | Horse Collar |
| 18:54 | Build | Palisade Wall |
| 19:12 | Build | Fish Trap |
| 19:15 | Build | Fish Trap |
| 19:23 | Create | Unit 2550 |
| 19:25 | Create | Unit 2550 |
| 19:25 | Create | Unit 2550 |
| 19:29 | Create | Archer |
| 19:31 | Research | Padded Archer Armor |
| 19:32 | Research | Scale Mail Armor |
| 19:32 | Research | Forging |
| 19:35 | Build | Fish Trap |
| 19:55 | Build | Palisade Wall |
| 20:09 | Build | Fish Trap |
| 20:36 | Age | Castle Age |
| 20:42 | Build | Monastery |
| 20:44 | Create | Villager (Male) |
| 20:49 | Create | Villager (Male) |
| 20:52 | Build | Town Center |
| 21:42 | Create | Monk |
| 21:47 | Build | Fish Trap |
| 21:48 | Create | Villager (Male) |
| 22:04 | Build | Siege Workshop |
| 22:18 | Build | Farm |
| 22:19 | Build | Farm |
| 22:28 | Create | Spearman ×3 |
| 23:18 | Build | Monastery |
| 23:32 | Create | Spearman |
| 23:36 | Build | Monastery |
| 23:38 | Create | Spearman |
| 23:39 | Create | Spearman |
| 23:45 | Build | Town Center |
| 23:49 | Build | Fish Trap |
| 23:55 | Build | Farm |
| 24:01 | Build | Farm |
| 24:02 | Build | Farm |
| 24:17 | Build | Farm |
| 24:18 | Create | Villager (Male) |
| 24:27 | Create | Scorpion |
| 24:43 | Build | Fish Trap |
| 24:45 | Build | Dock |
| 24:47 | Build | Fish Trap |
| 24:48 | Create | Villager (Male) |
| 24:50 | Build | Fish Trap |
| 24:57 | Build | Fish Trap |
| 24:58 | Create | Villager (Male) |
| 25:09 | Build | Farm |
Build order — Killing_Bambi
First 150 of 327 actions detected
| 0:01 | Create | Villager (Male) |
| 0:01 | Create | Villager (Male) |
| 0:01 | Create | Villager (Male) |
| 0:02 | Build | House |
| 0:03 | Build | House |
| 0:09 | Create | Villager (Male) |
| 0:09 | Create | Villager (Male) |
| 0:15 | Research | Loom |
| 0:15 | Create | Villager (Male) |
| 0:16 | Create | Villager (Male) |
| 0:20 | Create | Villager (Male) |
| 0:21 | Create | Villager (Male) |
| 1:23 | Build | Palisade Wall |
| 2:09 | Create | Villager (Male) |
| 3:05 | Create | Villager (Male) |
| 3:05 | Create | Villager (Male) |
| 3:05 | Create | Villager (Male) |
| 3:31 | Build | Palisade Wall |
| 3:53 | Create | Villager (Male) |
| 3:54 | Create | Villager (Male) |
| 3:54 | Create | Villager (Male) |
| 4:37 | Create | Villager (Male) |
| 4:37 | Create | Villager (Male) |
| 5:42 | Build | Palisade Wall |
| 5:58 | Create | Villager (Male) |
| 5:59 | Create | Villager (Male) |
| 6:50 | Create | Villager (Male) |
| 6:51 | Create | Villager (Male) |
| 8:10 | Create | Villager (Male) |
| 8:10 | Create | Villager (Male) |
| 8:56 | Create | Villager (Male) |
| 8:56 | Create | Villager (Male) |
| 9:13 | Create | Villager (Male) |
| 9:13 | Create | Villager (Male) |
| 9:28 | Build | Palisade Wall |
| 9:32 | Create | Villager (Male) |
| 9:32 | Create | Villager (Male) |
| 10:04 | Create | Villager (Male) |
| 10:04 | Create | Villager (Male) |
| 10:23 | Create | Villager (Male) |
| 10:23 | Create | Villager (Male) |
| 10:42 | Create | Villager (Male) |
| 10:42 | Create | Villager (Male) |
| 11:06 | Create | Villager (Male) |
| 11:06 | Create | Villager (Male) |
| 11:55 | Create | Villager (Male) |
| 11:56 | Create | Villager (Male) |
| 11:56 | Create | Villager (Male) |
| 11:56 | Create | Villager (Male) |
| 12:19 | Build | House |
| 12:24 | Build | House |
| 12:46 | Create | Villager (Male) |
| 13:03 | Create | Villager (Male) |
| 13:34 | Build | Lumber Camp |
| 14:15 | Build | Mill |
| 14:17 | Create | Villager (Male) |
| 14:24 | Create | Villager (Male) |
| 14:48 | Build | House |
| 15:13 | Research | Feudal Age |
| 15:13 | Research | Feudal Age |
| 15:47 | Create | Villager (Male) |
| 16:48 | Build | Mining Camp |
| 16:56 | Create | Villager (Male) |
| 17:22 | Build | Farm |
| 17:23 | Age | Feudal Age |
| 17:33 | Build | Market |
| 17:36 | Create | Villager (Male) |
| 17:50 | Build | Farm |
| 17:55 | Create | Villager (Male) |
| 18:21 | Build | Stone Wall |
| 18:38 | Create | Villager (Male) |
| 18:40 | Build | Farm |
| 18:52 | Research | Double-Bit Axe |
| 19:10 | Create | Villager (Male) |
| 19:11 | Build | Farm |
| 19:17 | Build | House |
| 19:30 | Build | Farm |
| 19:34 | Create | Villager (Male) |
| 19:59 | Build | Stone Wall |
| 20:06 | Create | Villager (Male) |
| 20:08 | Build | Blacksmith |
| 20:32 | Build | Stone Wall |
| 20:43 | Create | Villager (Male) |
| 20:44 | Build | Farm |
| 20:47 | Build | Farm |
| 20:53 | Build | Farm |
| 21:23 | Build | Mining Camp |
| 21:36 | Research | Castle Age |
| 21:36 | Research | Castle Age |
| 21:36 | Research | Castle Age |
| 22:19 | Build | Farm |
| 22:21 | Research | Horse Collar |
| 22:56 | Build | House |
| 23:02 | Build | House |
| 23:07 | Create | Villager (Male) |
| 24:16 | Age | Castle Age |
| 24:20 | Create | Villager (Male) |
| 24:47 | Build | Castle |
| 24:51 | Create | Villager (Male) |
| 24:55 | Build | Mining Camp |
| 25:08 | Create | Villager (Male) |
| 25:16 | Build | Farm |
| 25:30 | Build | Mining Camp |
| 25:37 | Create | Villager (Male) |
| 26:01 | Create | Organ Gun |
| 26:14 | Create | Villager (Male) |
| 26:16 | Create | Villager (Male) |
| 26:27 | Create | Organ Gun |
| 26:58 | Create | Organ Gun |
| 27:11 | Build | Farm |
| 27:19 | Build | Stone Wall |
| 27:29 | Create | Organ Gun |
| 27:33 | Create | Villager (Male) |
| 28:29 | Research | Imperial Age |
| 28:29 | Research | Imperial Age |
| 28:34 | Create | Organ Gun |
| 28:34 | Create | Organ Gun |
| 28:34 | Create | Organ Gun |
| 30:38 | Create | Villager (Male) |
| 30:48 | Research | Bow Saw |
| 30:48 | Research | Bow Saw |
| 31:39 | Age | Imperial Age |
| 31:42 | Build | Feitoria |
| 31:44 | Create | Villager (Male) |
| 31:48 | Create | Villager (Male) |
| 31:51 | Build | House |
| 31:52 | Build | House |
| 31:52 | Build | House |
| 31:52 | Build | House |
| 31:53 | Build | House |
| 31:59 | Build | House |
| 32:00 | Build | House |
| 32:04 | Create | Villager (Male) |
| 32:32 | Build | Feitoria |
| 32:44 | Build | House |
| 32:44 | Build | House |
| 32:45 | Build | House |
| 32:45 | Build | House |
| 32:55 | Build | House |
| 32:56 | Build | House |
| 32:56 | Build | House |
| 32:56 | Build | House |
| 32:56 | Build | House |
| 32:57 | Build | House |
| 32:57 | Build | House |
| 33:37 | Create | Villager (Male) |
| 33:47 | Build | Feitoria |
| 33:51 | Create | Villager (Male) |
| 33:59 | Build | University |
| 34:06 | Build | House |
Match timeline
| 1:15 | Good Vill Hunting · wall_segment Palisade Wall x8 |
| 1:23 | Killing_Bambi · wall_segment Palisade Wall x8 |
| 1:44 | InGodWeTrust · wall_segment Palisade Wall x9 |
| 3:31 | Killing_Bambi · wall_segment Palisade Wall x8 |
| 3:55 | Good Vill Hunting · wall_segment Palisade Wall x8 |
| 4:29 | aoclearnarabia · first_building Dock |
| 4:30 | InGodWeTrust · wall_segment Palisade Wall x15 |
| 4:36 | Good Vill Hunting · wall_segment Palisade Wall x13 |
| 4:52 | Good Vill Hunting · wall_segment Palisade Wall x13 |
| 5:09 | 大葱鸭 · first_building Dock |
| 5:25 | aoclearnarabia · wall_segment Palisade Wall x7 |
| 5:42 | Killing_Bambi · wall_segment Palisade Wall x1 |
| 6:29 | 大葱鸭 · wall_segment Palisade Wall x1 |
| 6:34 | InGodWeTrust · wall_segment Palisade Wall x9 |
| 6:47 | 大葱鸭 · wall_segment Palisade Wall x1 |
| 6:51 | Good Vill Hunting · wall_segment Palisade Wall x14 |
| 6:56 | 大葱鸭 · wall_segment Palisade Wall x1 |
| 7:16 | aoclearnarabia · wall_segment Palisade Wall x1 |
| 7:17 | aoclearnarabia · wall_segment Palisade Wall x1 |
| 7:19 | aoclearnarabia · wall_segment Palisade Wall x1 |
| 7:23 | aoclearnarabia · wall_segment Palisade Wall x1 |
| 7:45 | aoclearnarabia · first_building Barracks |
| 7:46 | Denosumab · wall_segment Palisade Wall x1 |
| 8:01 | Bro Creation · wall_segment Palisade Wall x13 |
| 8:51 | aoclearnarabia · wall_segment Palisade Wall x8 |
| 9:28 | Killing_Bambi · wall_segment Palisade Wall x14 |
| 10:20 | RedPanda · first_building Barracks |
| 10:45 | InGodWeTrust · first_building Barracks |
| 10:52 | 大葱鸭 · wall_segment Palisade Wall x4 |
| 11:17 | aoclearnarabia · wall_segment Palisade Wall x7 |
| 11:27 | RedPanda · age_up feudal |
| 11:34 | Good Vill Hunting · age_up feudal |
| 11:35 | RedPanda · first_building Stable |
| 11:39 | InGodWeTrust · age_up feudal |
| 12:02 | Denosumab · age_up feudal |
| 12:04 | 大葱鸭 · age_up feudal |
| 12:14 | aoclearnarabia · age_up feudal |
| 12:26 | Bro Creation · first_building Barracks |
| 12:38 | 大葱鸭 · wall_segment Stone Wall x15 |
| 12:39 | aoclearnarabia · wall_segment Palisade Wall x8 |
| 12:57 | Bro Creation · wall_segment Palisade Wall x6 |
| 13:06 | Good Vill Hunting · wall_segment Stone Wall x15 |
| 13:07 | InGodWeTrust · wall_segment Stone Wall x2 |
| 13:08 | InGodWeTrust · wall_segment Stone Wall x1 |
| 13:09 | InGodWeTrust · wall_segment Stone Wall x5 |
| 13:11 | InGodWeTrust · wall_segment Stone Wall x2 |
| 13:13 | InGodWeTrust · wall_segment Stone Wall x5 |
| 13:16 | Bro Creation · wall_segment Palisade Wall x2 |
| 13:20 | Bro Creation · wall_segment Palisade Wall x2 |
| 13:22 | Bro Creation · wall_segment Palisade Wall x1 |
| 13:25 | Bro Creation · wall_segment Palisade Wall x1 |
| 13:28 | Bro Creation · wall_segment Palisade Wall x1 |
| 13:37 | Bro Creation · age_up feudal |
| 13:41 | InGodWeTrust · wall_segment Palisade Wall x6 |
| 13:46 | Good Vill Hunting · wall_segment Stone Wall x1 |
| 13:48 | Bro Creation · wall_segment Palisade Wall x1 |
| 13:50 | Bro Creation · wall_segment Palisade Wall x1 |
| 13:51 | aoclearnarabia · first_building Archery Range |
| 14:34 | InGodWeTrust · wall_segment Stone Wall x1 |
| 15:05 | InGodWeTrust · wall_segment Stone Wall x9 |
| 15:21 | Bro Creation · first_building Archery Range |
| 15:40 | 大葱鸭 · age_up castle |
| 15:42 | aoclearnarabia · wall_segment Stone Wall x1 |
| 15:42 | Bro Creation · wall_segment Palisade Wall x1 |
| 15:44 | aoclearnarabia · wall_segment Stone Wall x14 |
| 15:47 | RedPanda · age_up castle |
| 15:53 | InGodWeTrust · wall_segment Stone Wall x5 |
| 16:01 | Denosumab · age_up castle |
| 16:06 | Denosumab · wall_segment Palisade Wall x1 |
| 16:08 | Denosumab · wall_segment Palisade Wall x1 |
| 16:30 | 大葱鸭 · wall_segment Stone Wall x1 |
| 16:30 | 大葱鸭 · wall_segment Stone Wall x1 |
| 17:05 | 大葱鸭 · first_building Castle |
| 17:23 | Killing_Bambi · age_up feudal |
| 17:29 | 大葱鸭 · first_market_buy 100 stone |
| 18:09 | Denosumab · first_building Siege Workshop |
| 18:10 | Denosumab · wall_segment Palisade Wall x1 |
| 18:11 | Denosumab · wall_segment Palisade Wall x1 |
| 18:13 | Denosumab · wall_segment Palisade Wall x1 |
| 18:21 | Killing_Bambi · wall_segment Stone Wall x4 |
| 18:31 | Bro Creation · wall_segment Palisade Wall x2 |
| 18:32 | Bro Creation · wall_segment Palisade Wall x6 |
| 18:54 | aoclearnarabia · wall_segment Palisade Wall x1 |
| 19:21 | Denosumab · first_market_buy 100 wood |
| 19:55 | aoclearnarabia · wall_segment Palisade Wall x7 |
| 19:59 | Killing_Bambi · wall_segment Stone Wall x6 |
| 20:10 | InGodWeTrust · wall_segment Stone Wall x6 |
| 20:19 | Bro Creation · wall_segment Stone Wall x7 |
| 20:20 | Denosumab · first_building Monastery |
| 20:32 | Killing_Bambi · wall_segment Stone Wall x6 |
| 20:33 | InGodWeTrust · wall_segment Stone Wall x3 |
| 20:36 | aoclearnarabia · age_up castle |
| 20:42 | aoclearnarabia · first_building Monastery |
| 20:48 | aoclearnarabia · first_market_buy 500 wood |
| 20:58 | Killing_Bambi · first_market_buy 100 food |
| 21:03 | Bro Creation · wall_segment Stone Wall x13 |
| 21:04 | RedPanda · first_building Siege Workshop |
| 21:14 | Good Vill Hunting · age_up castle |
| 21:19 | Bro Creation · first_market_buy 100 food |
| 21:21 | Good Vill Hunting · first_building Monastery |
| 21:45 | InGodWeTrust · wall_segment Stone Wall x15 |
| 21:58 | Good Vill Hunting · first_building Castle |
| 22:04 | aoclearnarabia · first_building Siege Workshop |
| 22:47 | InGodWeTrust · wall_segment Stone Wall x19 |
| 22:56 | Good Vill Hunting · first_market_sell 100 food |
| 23:12 | InGodWeTrust · wall_segment Stone Wall x19 |
| 23:46 | InGodWeTrust · wall_segment Stone Wall x10 |
| 23:49 | Good Vill Hunting · first_building Siege Workshop |
| 23:56 | InGodWeTrust · wall_segment Stone Wall x12 |
| 24:00 | Bro Creation · age_up castle |
| 24:10 | 大葱鸭 · first_building Monastery |
| 24:16 | Killing_Bambi · age_up castle |
| 24:47 | Killing_Bambi · first_building Castle |
| 24:57 | InGodWeTrust · wall_segment Stone Wall x10 |
| 25:24 | InGodWeTrust · first_market_buy 100 food |
| 25:26 | aoclearnarabia · wall_segment Stone Wall x4 |
| 25:27 | aoclearnarabia · wall_segment Stone Wall x1 |
| 25:28 | aoclearnarabia · wall_segment Stone Wall x4 |
| 25:30 | Bro Creation · wall_segment Stone Wall x2 |
| 25:31 | Bro Creation · wall_segment Stone Wall x13 |
| 25:49 | InGodWeTrust · wall_segment Stone Wall x1 |
| 26:16 | Bro Creation · wall_segment Stone Wall x9 |
| 26:16 | InGodWeTrust · wall_segment Stone Wall x9 |
| 26:20 | RedPanda · first_building Monastery |
| 26:26 | Bro Creation · first_building Monastery |
| 26:54 | 大葱鸭 · first_building Barracks |
| 27:19 | Killing_Bambi · wall_segment Stone Wall x9 |
| 27:27 | Good Vill Hunting · age_up imperial |
| 27:30 | 大葱鸭 · first_building Stable |
| 27:56 | InGodWeTrust · first_building Archery Range |
| 28:06 | InGodWeTrust · age_up castle |
| 28:19 | Denosumab · first_market_sell 100 wood |
| 28:31 | InGodWeTrust · first_building Siege Workshop |
| 28:44 | Bro Creation · wall_segment Stone Wall x10 |
| 29:23 | Denosumab · first_building Castle |
| 29:33 | Denosumab · wall_segment Stone Wall x1 |
| 29:35 | Denosumab · wall_segment Stone Wall x1 |
| 29:38 | Denosumab · wall_segment Stone Wall x1 |
| 29:45 | Denosumab · wall_segment Stone Wall x1 |
| 29:47 | Denosumab · wall_segment Stone Wall x1 |
| 30:21 | Denosumab · first_building Barracks |
| 30:39 | Denosumab · first_building Archery Range |
| 31:34 | Denosumab · age_up imperial |
| 31:39 | Killing_Bambi · age_up imperial |
| 32:03 | Bro Creation · first_market_sell 100 wood |
| 32:50 | Denosumab · wall_segment Stone Wall x1 |
| 33:01 | Denosumab · wall_segment Stone Wall x1 |
| 33:06 | Bro Creation · first_building Castle |
| 33:34 | aoclearnarabia · first_building Castle |
| 33:45 | aoclearnarabia · first_market_sell 100 food |
| 33:57 | Denosumab · wall_segment Stone Wall x11 |
| 34:03 | RedPanda · age_up imperial |
| 34:43 | RedPanda · first_building Castle |
| 35:27 | Killing_Bambi · first_market_sell 100 food |
| 35:27 | Bro Creation · age_up imperial |
| 35:55 | Good Vill Hunting · first_market_buy 100 stone |
| 36:07 | 大葱鸭 · age_up imperial |
| 36:10 | RedPanda · first_market_sell 100 wood |
| 36:36 | Good Vill Hunting · first_building Barracks |
| 36:42 | Killing_Bambi · first_building Siege Workshop |
| 36:57 | aoclearnarabia · age_up imperial |
| 38:00 | Good Vill Hunting · first_building Archery Range |
| 38:18 | 大葱鸭 · first_market_sell 500 food |
| 38:28 | InGodWeTrust · wall_segment Stone Wall x14 |
| 38:39 | Killing_Bambi · first_building Barracks |
| 39:09 | RedPanda · tribute_sent a jugador 1 |
| 39:09 | RedPanda · tribute_sent a jugador 3 |
| 39:09 | RedPanda · tribute_sent a jugador 4 |
| 39:09 | RedPanda · tribute_sent a jugador 5 |
| 39:09 | RedPanda · tribute_sent a jugador 6 |
| 39:09 | RedPanda · tribute_sent a jugador 7 |
| 39:09 | RedPanda · tribute_sent a jugador 8 |
| 39:40 | Killing_Bambi · first_building Archery Range |
| 39:57 | InGodWeTrust · wall_segment Stone Wall x2 |
| 40:43 | InGodWeTrust · wall_segment Stone Wall x2 |
| 40:59 | aoclearnarabia · wall_segment Palisade Wall x1 |
| 42:03 | aoclearnarabia · wall_segment Palisade Wall x1 |
| 43:38 | RedPanda · tribute_sent a jugador 1 |
| 43:38 | RedPanda · tribute_sent a jugador 3 |
| 43:38 | RedPanda · tribute_sent a jugador 4 |
| 43:38 | RedPanda · tribute_sent a jugador 5 |
| 43:38 | RedPanda · tribute_sent a jugador 6 |
| 43:38 | RedPanda · tribute_sent a jugador 7 |
| 43:38 | RedPanda · tribute_sent a jugador 8 |
| 43:52 | Bro Creation · wall_segment Stone Wall x17 |
| 43:55 | Denosumab · wall_segment Stone Wall x4 |
| 44:42 | Denosumab · wall_segment Stone Wall x1 |
| 44:45 | 大葱鸭 · first_building Siege Workshop |
| 44:48 | InGodWeTrust · wall_segment Stone Wall x9 |
| 45:51 | RedPanda · tribute_sent a jugador 1 |
| 45:51 | RedPanda · tribute_sent a jugador 3 |
| 45:51 | RedPanda · tribute_sent a jugador 4 |
| 45:51 | RedPanda · tribute_sent a jugador 5 |
| 45:51 | RedPanda · tribute_sent a jugador 6 |
| 45:51 | RedPanda · tribute_sent a jugador 7 |
| 45:51 | RedPanda · tribute_sent a jugador 8 |
| 46:15 | Denosumab · wall_segment Stone Wall x8 |
| 46:18 | Denosumab · wall_segment Stone Wall x6 |
| 46:19 | RedPanda · tribute_sent a jugador 1 |
| 46:19 | RedPanda · tribute_sent a jugador 3 |
| 46:19 | RedPanda · tribute_sent a jugador 4 |
| 46:19 | RedPanda · tribute_sent a jugador 5 |
| 46:19 | RedPanda · tribute_sent a jugador 6 |
| 46:19 | RedPanda · tribute_sent a jugador 7 |
| 46:19 | RedPanda · tribute_sent a jugador 8 |
| 46:37 | Denosumab · wall_segment Stone Wall x1 |
| 46:40 | Denosumab · wall_segment Stone Wall x1 |
| 47:49 | Bro Creation · tribute_sent a jugador 1 |
| 47:49 | Bro Creation · tribute_sent a jugador 2 |
| 47:49 | Bro Creation · tribute_sent a jugador 3 |
| 47:49 | Bro Creation · tribute_sent a jugador 4 |
| 47:49 | Bro Creation · tribute_sent a jugador 6 |
| 47:49 | Bro Creation · tribute_sent a jugador 7 |
| 47:49 | Bro Creation · tribute_sent a jugador 8 |
| 49:10 | 大葱鸭 · tribute_sent a jugador 1 |
| 49:10 | 大葱鸭 · tribute_sent a jugador 2 |
| 49:10 | 大葱鸭 · tribute_sent a jugador 3 |
| 49:10 | 大葱鸭 · tribute_sent a jugador 5 |
| 49:10 | 大葱鸭 · tribute_sent a jugador 6 |
| 49:10 | 大葱鸭 · tribute_sent a jugador 7 |
| 49:10 | 大葱鸭 · tribute_sent a jugador 8 |
| 49:24 | InGodWeTrust · resign |
[ AI ANALYSIS · 1 CREDIT ]
What really happened in this match?
Wolo.gg analyzes every decision: build order, eco, micro, common mistakes by bracket. Personalized analysis on WhatsApp or Discord in 30 seconds.
Civ guide
Burgundians
Perfil
Jugador #5642124